 Dungeon Crawl Stone Soup version 0.27-a0-808-g60bc5d92e6 (webtiles) character file.

Game seed: 297944753059107309

1203 Hasart the Magician (level 8, -4/58 HPs)
             Began as a Djinni Ice Elementalist on Mar 28, 2021.
             Was an Initiate of Makhleb.
             Killed from afar by a white imp (12 damage)
             ... with a puff of frost
             ... on level 6 of the Dungeon.
             The game lasted 00:11:09 (7770 turns).

Hasart the Magician (Djinni Ice Elementalist)       Turns: 7770, Time: 00:11:09

Health: -4/58      AC:  4    Str:  7    XL:     8   Next: 45%
Gold:   215        EV: 13    Int: 20    God:    Makhleb [......] SH:  0 Dex:  8

rFire    + + .     SeeInvis +   t - +3 mace of the Foot {elec, Will++ Dex-5 SInv Stlth+}
rCold    x . .     Faith    .   (no shield)
rNeg     . . .     Spirit   .   a - +0 robe
rPois    ∞         Reflect  .   (no helmet)
rElec    .         Harm     .   n - +1 cloak {Stlth+}
rCorr    .         Rampage  .   (no gloves)
Will     ++...                  (boots unavailable)
Stlth    +++.......             (no amulet)
HPRegen  0.19/turn              (no ring)
MPRegen  0.00/turn              (no ring)

@: flying
A: fire resistance 2, cold vulnerability 1, float, innate caster, hp casting,
extra vitality 1
a: Renounce Religion


You were on level 6 of the Dungeon.
You worshipped Makhleb.
Makhleb was noncommittal.
You visited 2 branches of the dungeon, and saw 7 of its levels.

You collected 215 gold pieces.

Inventory:

Hand Weapons
 t - the +3 mace of the Foot (weapon) {elec, Will++ Dex-5 SInv Stlth+}
   (You found it on level 5 of the Dungeon)

   Occasionally, upon striking a foe, it can discharge electrical energy and
   cause terrible harm.
   It affects your dexterity (-5).
   It affects your willpower, your defense against some magical effects.
   It lets you see invisible.
   It makes you more stealthy.
Missiles
 d - 56 poisoned darts
Armour
 a - a +0 robe (worn)
 n - a +1 cloak of stealth (worn)
Scrolls
 b - 2 scrolls of noise {unknown}
 e - 2 scrolls of identify {unknown}
 g - 2 scrolls of magic mapping {unknown}
 h - 4 scrolls of teleportation {unknown}
 i - 6 scrolls of enchant weapon {unknown}
 j - a scroll of vulnerability {unknown}
 k - a scroll of fear {unknown}
 o - a scroll of immolation {unknown}
 p - a scroll of silence {unknown}
 u - a scroll of blinking {unknown}
Potions
 c - a potion of lignification {unknown}
 f - 2 potions of curing {unknown}
 l - a potion of brilliance {unknown}
 m - a potion of might {unknown}
 q - a potion of haste {unknown}
 r - a potion of heal wounds {unknown}
 s - a potion of degeneration {unknown}


   Skills:
 + Level 4.1 Fighting
 - Level 1.3 Long Blades
 + Level 2.7 Maces & Flails
 + Level 5.1 Dodging
 - Level 1.5 Stealth
 * Level 6.4 Spellcasting
 + Level 1.1 Invocations


You couldn't memorise any spells.
You knew the following spells:

 Your Spells              Type           Power      Damage    Failure   Level
a - Freeze                Ice            100%       1d11      1%          1
b - Frozen Ramparts       Ice            64%        1d8       2%          3
c - Ozocubu's Armour      Ice            32%        N/A       2%          3
d - Hailstorm             Conj/Ice       32%        3d8       7%          4
e - Summon Ice Beast      Ice/Summ       32%        N/A       7%          4
f - Foxfire               Conj/Fire      100%       2x1d9     1%          1
g - Blink                 Tloc           N/A        N/A       1%          2
h - Confusing Touch       Hex            32%        N/A       2%          3
Your spell library was empty.

Dungeon Overview and Level Annotations

Branches:
Dungeon (6/15)             Temple (1/1) D:4

Altars:
Ashenzari
Cheibriados
Dithmenos
Gozag
Hepliaklqana
Makhleb
Okawaru
Qazlal
Ru
Trog
Uskayaw
Vehumet
Wu Jian
Xom
Yredelemnul
Zin
The Shining One


Innate Abilities, Weirdness & Mutations

You are immune to poison.
Your flesh is very heat resistant. (rF++)
You are vulnerable to cold. (rC-)
You float through the air rather than walking.
You learn spells naturally, not from books.
Your magical power is your life essence.
You have superior vitality. (+4 HP)


Message History

The puff of frost hits you.
You feel a terrible chill!
A hound comes into view.
The hound pauses to sniff the ground.
You hit the white imp.
The white imp is moderately wounded.
The hound closely misses you. The white imp gestures at you.
The puff of frost hits you!
You feel a terrible chill!
A gnoll comes into view. It is wielding a +0 spear of venom.
The hound barely misses you. The white imp hits you. The white imp freezes you.
You feel a terrible chill!
You barely miss the white imp.
The white imp is moderately wounded.
The hound closely misses you. The white imp barely misses you.
The hound bites you.
Unknown command.
The hound completely misses you.
Casting: Freeze (safe; 1% risk of failure)
Confirm with . or Enter, or press ? or * to list all spells.
You conjure some foxfire!
The hound barely misses you. The white imp hits you. The white imp freezes you!
You feel a terrible chill!
* * * LOW HITPOINT WARNING * * *
The hound closely misses you.
Unknown command.
The gnoll shouts!
The foxfire hits the hound but does no damage.
The foxfire hits the hound.
The hound is moderately wounded.
There is a stone staircase leading up here.
Unknown command.
Unknown command.
Casting: Foxfire (safe; 1% risk of failure)
Confirm with . or Enter, or press ? or * to list all spells.
You conjure some foxfire!
* * * LOW HITPOINT WARNING * * *
The hound bites you.
* * * LOW HITPOINT WARNING * * *
The white imp gestures at you. The puff of frost hits you!
You feel a terrible chill!
You die...

........#
.g............#
..................#
..................#
..................#
..................#
..................#
..................#
..........h@v.....#
..........5§v.....####
......###########....#
..... #....# ....
#....# ... #....# ..
#....# # ######


You could see a hound (ally target), a gnoll and a white imp (ally target).

Vanquished Creatures
  Duvessa (D:4)
  4 ogres
  A bullfrog (D:4)
  2 scorpions (D:5)
  3 bullfrog zombies (D:5)
  2 hounds
  Crazy Yiuf (D:3)
  An orc priest (D:3)
  Jessica (D:2)
  Terence (D:2)
  An iguana (D:4)
  A hound skeleton (D:4)
  A hound zombie (D:4)
  6 adders
  2 white imps
  4 worms
  A dart slug (D:1)
  8 orcs
  8 bats
  3 endoplasms
  5 giant cockroaches
  7 goblins
  6 hobgoblins
  3 jackals (D:4)
  8 kobolds
  2 quokkas
  10 ball pythons
  5 frilled lizards (D:1)
  3 rats (D:1)
101 creatures vanquished.

Vanquished Creatures (collateral kills)
  An ogre (D:4)
  Dowan (D:4)
  An orc wizard (D:4)
  An orc (D:4)
4 creatures vanquished.

Vanquished Creatures (others)
  34 foxfires
  9 plants (D:1)
43 creatures vanquished.

Grand Total: 148 creatures vanquished

Notes
Turn   | Place    | Note
-------+----------+-------------------------------------------
     0 | D:1      | Hasart the Djinni Ice Elementalist began the quest for the
                  | Orb.
     0 | D:1      | Reached XP level 1. HP: 15/15 MP: 0/0
   532 | D:1      | Reached XP level 2. HP: 5/22 MP: 0/0
  1415 | D:1      | Reached skill level 1 in Fighting
  1476 | D:1      | Reached skill level 4 in Spellcasting
  1547 | D:1      | Reached XP level 3. HP: 25/27 MP: 0/0
  1547 | D:1      | Learned a level 1 spell: Foxfire
  2268 | D:2      | Noticed Terence
  2621 | D:3      | Found a runed translucent door.
  2622 | D:3      | Noticed Crazy Yiuf
  2687 | D:3      | Found a faded altar of an unknown god.
  2774 | D:3      | Found a broken altar of Ashenzari.
  2779 | D:3      | Found a hide-covered altar of Uskayaw.
  2854 | D:3      | Reached XP level 4. HP: 16/32 MP: 0/0
  3326 | D:3      | Killed Crazy Yiuf
  3327 | D:3      | Reached skill level 1 in Long Blades
  3445 | D:2      | Reached XP level 5. HP: 34/38 MP: 0/0
  3445 | D:2      | Learned a level 2 spell: Blink
  4045 | D:2      | Killed Terence
  4079 | D:2      | Noticed Jessica
  4087 | D:2      | Killed Jessica
  4089 | D:2      | Found a snail-covered altar of Cheibriados.
  4562 | D:4      | Reached XP level 6. HP: 39/43 MP: 0/0
  4710 | D:4      | Reached skill level 1 in Maces & Flails
  4710 | D:4      | Reached skill level 5 in Spellcasting
  4950 | D:4      | Found a staircase to the Ecumenical Temple.
  4962 | Temple   | Entered the Ecumenical Temple
  5293 | D:4      | Reached XP level 7. HP: 19/50 MP: 0/0
  5293 | D:4      | Learned a level 3 spell: Confusing Touch
  5606 | D:4      | Noticed Dowan
  5609 | D:4      | Noticed Duvessa
  5615 | D:4      | Killed Dowan
  5617 | D:4      | Killed Duvessa
  6075 | D:4      | Found an iron altar of Okawaru.
  6111 | D:4      | Noticed an air elemental
  6113 | D:4      | Found a stormy altar of Qazlal.
  6115 | D:4      | Noticed a fire elemental
  6115 | D:4      | Noticed a water elemental
  6183 | D:5      | Entered Level 5 of the Dungeon
  6409 | D:5      | Reached skill level 6 in Spellcasting
  6409 | D:5      | Reached XP level 8. HP: 42/58 MP: 0/0
  6505 | D:5      | Found a bloodstained altar of Trog.
  6512 | D:5      | Identified the +3 mace of the Foot {elec, Will++ Dex-5 SInv
                  | Stlth+}
  6902 | D:5      | Found a burning altar of Makhleb.
  6921 | D:5      | Became a worshipper of Makhleb the Destroyer
  6930 | D:5      | Reached skill level 5 in Dodging
  7341 | D:5      | Reached skill level 1 in Invocations
  7621 | D:5      | Found a sacrificial altar of Ru.
  7770 | D:6      | Killed from afar by a white imp

Illustrated notes

Levels and vault maps discovered:
D:1:      dpeg_arrival_signposts, layout_loops_ring, minmay_misc_feat_ornament,
          serial_bayou_pond_c, kennysheep_pointless_box, minmay_misc_feat_alley
D:2:      layout_loops_ring, cheibriados_altar_1, kennysheep_cross_bottleneck,
          minmay_pentomino_p4, uniq_jessica, uniq_terence
D:3:      layout_loops_ring, minitemple, chequers_ecumenical_altar_simple_redux,
          kennysheep_generic_room_5, uniq_crazy_yiuf_cottage
D:4:      minmay_general_purpose_star, layout_basic,
          nicolae_qazlal_style_of_elements, minmay_temple_entry_stoned_glass,
          okawaru_trees_1, uniq_duvessa
D:5:      layout_gridville, kennysheep_little_box, bloody_trog,
          old_standard_altar, serial_rivers, chequers_serial_rivers_large_b,
          chequers_serial_rivers_micro_d, chequers_serial_rivers_large_a,
          chequers_serial_rivers_micro_c, chequers_serial_rivers_room_a,
          kennysheep_generic_room_11
D:6:      layout_gridville, fedhas_ov_isle_minmay, serial_bayou_lagoon_a,
          uniq_eustachio
Temple:   jpeg_temple_alley_garden

Skill      XL: |  1  2  3  4  5  6  7  8 |
---------------+-------------------------+-----
Fighting       | 1 2 3 4 |  4.1
Spellcasting   | 4 5 6 |  6.4
Dodging        | 3 4 5 |  5.1
Long Blades    | 1 |  1.3
Maces & Flails | 1 2 |  2.7
Invocations    | 1 |  1.1
Stealth        | |  1.5

Action                   |  1- 3 |  4- 6 |  7- 9 || total
-------------------------+-------+-------+-------++-------
Melee: Unarmed           |     2 |       |       ||     2
       Long sword        |    11 |     2 |       ||    13
       Flail             |       |    15 |    13 ||    28
       Mace              |       |       |    25 ||    25
 Cast: Freeze            |    50 |    45 |    30 ||   125
       Foxfire           |     5 |     3 |    13 ||    21
       Frozen Ramparts   |       |    10 |     5 ||    15
       Ozocubu's Armour  |       |     2 |     2 ||     4
       Summon Ice Beast  |       |       |     1 ||     1
 Stab: Sleeping          |     1 |     1 |     1 ||     3
Armor: Robe              |     7 |    17 |    19 ||    43
Dodge: Dodged            |    29 |    24 |    61 ||   114
       Rpst.: Long sword |    13 |       |       ||    13

Table legend: (Time is in decaauts)
 A = Elapsed time spent in this place.
 B = Non-inter-level travel time spent in this place.
 C = Inter-level travel time spent in this place.
 D = Time resting spent in this place.
 E = Time spent auto-exploring this place.
 F = Levels seen in this place.
 G = Mean time per level.
                   A        B        C        D        E       F      G
               +--------+--------+--------+--------+--------+-----+--------+
         Total |   7789 |   7599 |    190 |    552 |   6226 |   7 | 1112.7 |
       Dungeon |   7527 |   7390 |    137 |    552 |   6024 |   6 | 1254.5 |
        Temple |    261 |    208 |     53 |      0 |    202 |   1 |  261.0 |
               +--------+--------+--------+--------+--------+-----+--------+

Top non-repeatable levels by time:
     D:1: 2250 daAuts
     D:5: 1515 daAuts
     D:4: 1422 daAuts
     D:3: 1139 daAuts
     D:2: 1121 daAuts
  Temple: 261 daAuts
     D:6: 79 daAuts
